 Dungeon Crawl Stone Soup version 0.28.0-45-g0d030f2227 (webtiles) character file.

Game seed: 8206872004326982205

1173 Woods the Insei (level 8, -3/60 HPs)
             Began as a Gnoll Transmuter on Apr 5, 2022.
             Was a Follower of Cheibriados.
             Slain by a seven-headed hydra (17 damage)
             ... on level 6 of the Dungeon.
             The game lasted 00:12:31 (7741 turns).

Woods the Insei (Gnoll Transmuter)                  Turns: 7741, Time: 00:12:33

Health: -3/60      AC:  2    Str: 12    XL:     8   Next: 41%
Magic:  15/17      EV: 23    Int: 17    God:    Cheibriados [*.....]
Gold:   306        SH:  0    Dex: 19    Spells: 13/19 levels left

rFire   . . .      SeeInvis .     - Unarmed
rCold   . . .      Faith    .   (shield currently unavailable)
rNeg    . . .      Spirit   .   (armour currently unavailable)
rPois   x          Reflect  .   (helmet currently unavailable)
rElec   .          Harm     .   (cloak currently unavailable)
rCorr   .          Rampage  .   (gloves currently unavailable)
Will    .....                   (boots currently unavailable)
Stlth   +++.......              (no amulet)
HPRegen 0.20/turn               (no ring)
MPRegen 0.15/turn               (no ring)

@: spider-form, wereblooded, very slow
A: venomous fangs, tiny, (fangs 1), strong nose, distributed training
a: End Transformation, Renounce Religion, Bend Time


You were on level 6 of the Dungeon.
You worshipped Cheibriados.
Cheibriados was aware of your devotion.
You were a venomous arachnid creature.
You visited 1 branch of the dungeon, and saw 6 of its levels.
You also visited: Ossuary.

You collected 306 gold pieces.

Inventory:

Missiles
 l - a throwing net
Armour
 a - a +0 robe (melded)
 y - a +0 cloak
Jewellery
 c - an amulet of the acrobat
 n - a ring of resist corrosion
Scrolls
 d - a scroll of magic mapping {unknown}
 e - 3 scrolls of immolation {unknown}
 g - a scroll of brand weapon {unknown}
 h - 7 scrolls of identify {unknown}
 k - a scroll of silence {unknown}
 m - 2 scrolls of teleportation {unknown}
 o - a scroll of holy word {unknown}
 q - 3 scrolls of vulnerability {unknown}
 r - a scroll of torment {unknown}
 s - 2 scrolls of enchant armour {unknown}
 t - a scroll of amnesia {unknown}
 v - a scroll of enchant weapon {unknown}
 x - a scroll of fear {unknown}
Potions
 b - a potion of lignification {unknown}
 f - a potion of might {unknown}
 i - 3 potions of degeneration {unknown}
 j - 4 potions of curing {unknown}
 p - a potion of attraction {unknown}
 u - a potion of heal wounds {unknown}
 w - a potion of invisibility {unknown}


   Skills:
 + Level 4.2 Fighting
 + Level 3.2 Short Blades
 + Level 3.2 Long Blades
 + Level 3.2 Axes
 + Level 3.2 Maces & Flails
 + Level 3.2 Polearms
 + Level 3.2 Staves
 + Level 3.2 Slings
 + Level 3.2 Bows
 + Level 3.2 Crossbows
 + Level 3.2 Throwing
 + Level 3.2 Armour
 + Level 5.6 Dodging
 + Level 3.2 Stealth
 + Level 3.2 Shields
 + Level 7.3 Unarmed Combat
 + Level 6.0 Spellcasting
 + Level 2.6 Conjurations
 + Level 2.6 Hexes
 + Level 2.6 Summonings
 + Level 2.6 Necromancy
 + Level 2.6 Translocations
 + Level 4.7 Transmutations
 + Level 2.6 Fire Magic
 + Level 2.6 Ice Magic
 + Level 2.6 Air Magic
 + Level 2.6 Earth Magic
 + Level 2.6 Poison Magic
 + Level 3.5 Invocations
 + Level 3.2 Evocations


You had 13 spell levels left.
You knew the following spells:

 Your Spells              Type           Power      Damage    Failure   Level
a - Beastly Appendage     Tmut           42%        N/A       8%          1
b - Wereblood             Tmut           21%        N/A       10%         2
c - Spider Form           Tmut/Pois      17%        N/A       22%         3

Your spell library contained the following spells:

 Spells                   Type           Power      Damage    Failure   Level
 Animate Skeleton         Necr           28%        N/A       13%         1
 Pain                     Necr           56%        1d6       13%         1
 Confusing Touch          Hex            14%        N/A       30%         3
 Frozen Ramparts          Ice            28%        1d4       30%         3
 Vampiric Draining        Necr           14%        2d7       30%         3
 Ice Form                 Ice/Tmut       17%        N/A       50%         4
 Summon Ice Beast         Ice/Summ       14%        N/A       61%         4
 Yara's Violent Unravell  Hex/Tmut       8%         3d5       80%         5
 Freezing Cloud           Conj/Ice/Air   7%         6-21      89%         5
 Simulacrum               Ice/Necr       7%         N/A       100%        6
 Enfeeble                 Hex            7%         N/A       100%        7
 Polar Vortex             Ice            7%         N/A       100%        9


Dungeon Overview and Level Annotations

Branches:
Dungeon (6/15)             Temple (0/1) D:6         Ossuary (visited)

Altars:
Cheibriados
Kikubaaqudgha
Nemelex Xobeh
Zin

Shops:
D:1 ((!   D:5 :


Innate Abilities, Weirdness & Mutations

You are a venomous arachnid creature.
You have poisonous fangs.
You are tiny and dextrous.
Your spellcasting is less reliable in this form.
Your armour is entirely melded.
You are incapable of wielding weapons or throwing items.
((You have very sharp teeth.))
Your uncanny sense of smell can sniff out nearby items.
Your experience applies equally to all skills.


Message History

The wyvern skeleton closely misses you.
You hit the wyvern skeleton.
The wyvern skeleton is severely damaged.
The orc wizard closely misses you. The wyvern skeleton closely misses you.
The orc completely misses you.
You barely miss the orc wizard. The wyvern skeleton misses you.
The orc wizard completely misses you. The orc hits you with a +0 dagger.
You hit the orc wizard.
The orc wizard is lightly wounded.
The wyvern skeleton closely misses you. The orc wizard casts a spell at you.
You resist with some effort. The orc closely misses you.
You barely miss the orc wizard.
The orc wizard is lightly wounded.
The wyvern skeleton bites you.
The orc wizard mumbles some strange words.
The orc wizard flickers and vanishes!
Deactivating autopickup; reactivate with Ctrl-A.
The wyvern skeleton barely misses you. The orc completely misses you.
Something closely misses you. The orc hits you with a +0 mace.
The orc barely misses you. The orc barely misses you.
The seven-headed hydra bites you. x2; The seven-headed hydra bites you! x2
The seven-headed hydra completely misses you.
The seven-headed hydra barely misses you.
The seven-headed hydra completely misses you.
You start putting on your amulet.
You continue putting on your amulet of the acrobat.
The seven-headed hydra bites you!
Keep equipping yourself? [Y]es or [N]o only, please.
Keep equipping yourself?
You stop putting on your amulet.
* * * LOW HITPOINT WARNING * * *
The seven-headed hydra completely misses you.
The seven-headed hydra bites you but does no damage.
The seven-headed hydra closely misses you. x2
The seven-headed hydra misses you. The seven-headed hydra bites you!
You die...

.####..#.⌠.#..#
...##.#.#.#.#.#
######.⌠.#.⌠.## .#
...##.#.#.#.#.#####.#######
...#.⌠.#.⌠.#.⌠.#...........
...##.#.#.#.#.##.##........
#.##.#)⌠.#.⌠.#.#.##.##...##.#
#.###.#.#.#.#.##..o.##...##.##
#.##.⌠.#...#.⌠.#s##..........#
...##.#.⌠.⌠.#.##.Do....>......
...###..._...######{........#
.....##.⌠.⌠.## #.##...##.##
....########## #.##)).##...
.......#.###.## #{Z.........
..............# ##....###...
.......#.###.## #....# ∆
.........# #.#######...>#


You could see a seven-headed hydra and 2 orcs.

Vanquished Creatures
  A black bear (D:6)
  An ice beast (D:5)
  2 ogres
  2 phantoms
  A vampire bat (D:6)
  A bullfrog zombie (D:3)
  3 hounds
  Crazy Yiuf (D:5)
  A centaur skeleton (D:5)
  Jessica (D:2)
  2 iguanas
  Natasha (twice) (D:2)
  2 mummies
  Robin (D:4)
  8 gnolls
  6 adders
  A shadow imp (D:5)
  2 ufetubi (D:5)
  2 worms (D:2)
  2 dart slugs
  9 orcs
  8 ball pythons
  A bat skeleton (D:6)
  5 bat zombies (D:6)
  7 endoplasms
  4 giant cockroaches
  18 goblins
  9 hobgoblins
  4 quokkas
  8 bats
  6 frilled lizards
  3 hobgoblin zombies (Ossuary)
  4 kobolds
  3 kobold zombies (Ossuary)
  A rat (D:1)
  A spectral hobgoblin (D:2)
133 creatures vanquished.

Vanquished Creatures (others)
  A fungus (D:5)
1 creature vanquished.

Grand Total: 134 creatures vanquished

Notes
Turn   | Place    | Note
-------+----------+-------------------------------------------
     0 | D:1      | Woods the Gnoll Transmuter began the quest for the Orb.
     0 | D:1      | Reached XP level 1. HP: 17/17 MP: 6/6
    60 | D:1      | Found Waasutimm's Distillery.
   359 | D:1      | Reached XP level 2. HP: 10/23 MP: 5/7
   362 | D:1      | Learned a level 2 spell: Wereblood
   633 | D:1      | Found Iblamm's Weapon Shoppe.
   744 | D:1      | Found Neyne's Weapon Emporium.
   820 | D:1      | Reached XP level 3. HP: 26/28 MP: 9/9
   911 | D:1      | Reached skill level 5 in Spellcasting
  1196 | D:2      | Reached skill level 1 in Invocations
  1738 | D:2      | Reached skill level 1 in Short Blades
  1738 | D:2      | Reached skill level 1 in Long Blades
  1738 | D:2      | Reached skill level 1 in Axes
  1738 | D:2      | Reached skill level 1 in Maces & Flails
  1738 | D:2      | Reached skill level 1 in Polearms
  1738 | D:2      | Reached skill level 1 in Staves
  1738 | D:2      | Reached skill level 1 in Slings
  1738 | D:2      | Reached skill level 1 in Bows
  1738 | D:2      | Reached skill level 1 in Crossbows
  1738 | D:2      | Reached skill level 1 in Throwing
  1738 | D:2      | Reached skill level 1 in Armour
  1738 | D:2      | Reached skill level 1 in Stealth
  1738 | D:2      | Reached skill level 1 in Shields
  1738 | D:2      | Reached skill level 1 in Evocations
  1842 | D:2      | Reached XP level 4. HP: 21/34 MP: 9/11
  2368 | D:2      | Noticed Natasha
  2374 | D:2      | Killed Natasha
  2375 | D:2      | Reached skill level 1 in Conjurations
  2375 | D:2      | Reached skill level 1 in Hexes
  2375 | D:2      | Reached skill level 1 in Summonings
  2375 | D:2      | Reached skill level 1 in Necromancy
  2375 | D:2      | Reached skill level 1 in Translocations
  2375 | D:2      | Reached skill level 1 in Fire Magic
  2375 | D:2      | Reached skill level 1 in Ice Magic
  2375 | D:2      | Reached skill level 1 in Air Magic
  2375 | D:2      | Reached skill level 1 in Earth Magic
  2375 | D:2      | Reached skill level 1 in Poison Magic
  2459 | D:2      | Noticed Jessica
  2611 | D:2      | Noticed Natasha
  2619 | D:2      | Killed Natasha
  2620 | D:2      | Reached XP level 5. HP: 29/40 MP: 10/12
  2805 | D:2      | Found a faded altar of an unknown god.
  2810 | D:2      | Killed Jessica
  3542 | D:3      | Reached XP level 6. HP: 46/47 MP: 11/13
  3703 | D:3      | Found a sparkling altar of Nemelex Xobeh.
  4098 | D:3      | Learned a level 3 spell: Spider Form
  4216 | D:4      | Noticed Robin
  4252 | D:4      | Killed Robin
  4469 | D:4      | Reached skill level 5 in Dodging
  4878 | D:4      | Reached XP level 7. HP: 52/52 MP: 8/15
  5471 | D:4      | Found a glowing silver altar of Zin.
  5497 | D:5      | Entered Level 5 of the Dungeon
  5505 | D:5      | Reached skill level 7 in Unarmed Combat
  5841 | D:5      | Found a sand-covered staircase.
  5846 | Ossuary  | Entered an ossuary
  5897 | D:5      | HP: 2/52 [ufetubus (1)]
  6665 | D:5      | Found Isiyvit's Book Boutique.
  6831 | D:5      | Reached XP level 8. HP: 53/60 MP: 16/16
  6975 | D:5      | Found a runed translucent door.
  6976 | D:5      | Noticed Crazy Yiuf
  6985 | D:5      | Killed Crazy Yiuf
  6987 | D:5      | Identified the +6 mace of Docoruganu {flame, Contam rElec
                  | Will+ Dex+4}
  7103 | D:6      | Found a snail-covered altar of Cheibriados.
  7151 | D:6      | Became a worshipper of Cheibriados the Contemplative
  7363 | D:6      | Found an ancient bone altar of Kikubaaqudgha.
  7662 | D:6      | Reached * piety under Cheibriados
  7719 | D:6      | Found a staircase to the Ecumenical Temple.
  7727 | D:6      | Noticed a seven-headed hydra
  7741 | D:6      | Slain by a seven-headed hydra

Illustrated notes

Levels and vault maps discovered:
D:1:      tarquinn_simple_flora_water_a, layout_basic, serial_shops,
          shop_fountains, nicolae_shop_advertising_works
          [nicolae_subvault_shop_adworks], nicolae_shop_bloodbath_and_beyond
D:2:      layout_loops_cross, dreamdust_ecumenical_altar_drowned_temple,
          roderic_roman_lattice, minmay_cut_off, uniq_jessica, uniq_natasha
D:3:      layout_loops_corners, nemelex_xobeh_ov_fountains_minmay
D:4:      layout_basic, zin_statuary, uniq_robin
D:5:      layout_cave_pools, enter_ossuary_2, serial_shops, shop, minivault_11,
          uniq_crazy_yiuf_cottage
D:6:      layout_loops_cross, kennysheep_vampire_church, slow_altar_1,
          minmay_temple_entry_stoned_glass, uniq_edmund

Skill      XL: |  1  2  3  4  5  6  7  8 |
---------------+-------------------------+-----
Spellcasting   | 5 6 |  6.0
Invocations    | 1 2 3 |  3.5
Short Blades   | 1 2 3 |  3.2
Long Blades    | 1 2 3 |  3.2
Axes           | 1 2 3 |  3.2
Maces & Flails | 1 2 3 |  3.2
Polearms       | 1 2 3 |  3.2
Staves         | 1 2 3 |  3.2
Slings         | 1 2 3 |  3.2
Bows           | 1 2 3 |  3.2
Crossbows      | 1 2 3 |  3.2
Throwing       | 1 2 3 |  3.2
Armour         | 1 2 3 |  3.2
Stealth        | 1 2 3 |  3.2
Shields        | 1 2 3 |  3.2
Evocations     | 1 2 3 |  3.2
Conjurations   | 1 2 |  2.6
Hexes          | 1 2 |  2.6
Summonings     | 1 2 |  2.6
Necromancy     | 1 2 |  2.6
Translocations | 1 2 |  2.6
Fire Magic     | 1 2 |  2.6
Ice Magic      | 1 2 |  2.6
Air Magic      | 1 2 |  2.6
Earth Magic    | 1 2 |  2.6
Poison Magic   | 1 2 |  2.6
Fighting       | 3 4 |  4.2
Transmutations | 4 |  4.7
Dodging        | 5 |  5.6
Unarmed Combat | 7 |  7.3

Action                   |  1- 3 |  4- 6 |  7- 9 || total
-------------------------+-------+-------+-------++-------
Melee: Unarmed           |    80 |   141 |   178 ||   399
       Kick              |     7 |    25 |    19 ||    51
       Bite              |     5 |     9 |    13 ||    27
       Headbutt          |     5 |    16 |     8 ||    29
       Punch             |     2 |     7 |     5 ||    14
 Cast: Beastly Appendage |    11 |    24 |    11 ||    46
       Spider Form       |       |     2 |    13 ||    15
       Wereblood         |       |     1 |     2 ||     3
 Stab: Sleeping          |     1 |     5 |     7 ||    13
Armor: Robe              |    11 |    16 |    15 ||    42
       Skin              |       |       |     2 ||     2
Dodge: Dodged            |    58 |    91 |   167 ||   316
